 Dungeon Sprint DCSS version 0.22-a0-40-g3d2f077 (webtiles) character file.

18 Faca the Slasher (level 2, 0/29 HPs)
             Began as a Minotaur Berserker on Jan 5, 2018.
             Was a Priest of Trog.
             Slain by a sky beast (3 damage)
             ... in the Dungeon (Sprint IX: "|||||||||||||||||||||||||||||").
             The game lasted 00:00:22 (55 turns).

Faca the Slasher (Minotaur Berserker)                 Turns: 55, Time: 00:00:23

Health: 0/29       AC:  2    Str: 21    XL:     2   Next: 51%
Magic:  1/1        EV: 12    Int:  4    God:    Trog [***...]
Gold:   0          SH:  0    Dex:  9    Spells: 1/1 levels left

rFire    . . .     SeeInvis .   a - +0 falchion
rCold    . . .     Gourm    .   (no shield)
rNeg     . . .     Faith    .   b - +0 animal skin
rPois    .         Spirit   .   (helmet restricted)
rElec    .         Reflect  .   (no cloak)
rCorr    .         Harm     .   (no gloves)
MR       .....     NoTele   +   (no boots)
Stlth    +.........             (no amulet)
HPRegen  0.09/turn              (no ring)
MPRegen  0.07/turn              (no ring)

@: no status effects
A: retaliatory headbutt, horns 2
a: Berserk, Trog's Hand, Burn Spellbooks, Renounce Religion


You were in the Dungeon.
You worshipped Trog.
Trog was most pleased with you.
You were not hungry.

You visited 1 branch

Inventory:

Hand Weapons
 a - a +0 falchion (weapon)
Armour
 b - a +0 animal skin (worn)
Scrolls
 i - a scroll of blinking
Potions
 d - a potion of curing
 e - a potion of heal wounds
 f - a potion of haste
 g - 2 potions of magic
 h - a potion of berserk rage
Comestibles
 c - a ration


   Skills:
 + Level 5.2 Fighting
 + Level 5.5 Long Blades
 + Level 3.1 Armour
 + Level 2.8 Dodging


You had one spell level left.
You didn't know any spells.

Dungeon Overview and Level Annotations

Branches:
Dungeon (1/1)

Altars:


Innate Abilities, Weirdness & Mutations

You reflexively headbutt those who attack you in melee.
You have a pair of horns on your head.


Message History

Deactivating autopickup; reactivate with Ctrl-A.
You hit the orc but do no damage. The orc barely misses you.
You riposte.
You barely miss the orc. You headbutt the orc.
You kill the orc!
Trog accepts your kill. Something hits you. Something shocks you.
There is an open door here.
Things that are here:
a club; a scale mail; an orc corpse You closely miss something.
Something hits you. Something shocks you.
You miss something. Something completely misses you.
You barely miss something. You headbutt something.
A sky beast appears from thin air!
Reactivating autopickup.
The sky beast hits you. The sky beast shocks you.
* * * LOW HITPOINT WARNING * * *
You hit the sky beast.
The sky beast is heavily wounded.
The sky beast hits you.
You die... ▓▓▓▓▓▓▓▓▓▓▓▓▓▓▓▓▓▓ +...lY@....)'...<▓ ▓▓▓▓▓▓▓▓▓▓▓▓▓▓▓▓▓▓

You could see a sky beast and a leopard gecko.

Vanquished Creatures
  A shadow imp (D)
  A dart slug (D)
  A leopard gecko (D)
  An orc (D)
  A bat zombie (D)
  A hobgoblin (D)
  A bat (D)
  A frilled lizard (D)
8 creatures vanquished.

Notes
Turn   | Place    | Note
-------+----------+-------------------------------------------
     0 | D        | Faca the Minotaur Berserker began the quest for the Orb.
     0 | D        | Reached XP level 1. HP: 19/19 MP: 0/0
    10 | D        | Reached ** piety under Trog
    47 | D        | Noticed a sky beast
    48 | D        | Reached skill level 5 in Fighting
    48 | D        | Reached skill level 5 in Long Blades
    48 | D        | Reached XP level 2. HP: 29/29 MP: 1/1
    49 | D        | Reached *** piety under Trog
    55 | D        | Slain by a sky beast

Vault maps used:
D:        linesprint

Skill      XL: |  1 |
---------------+----+-----
Fighting       | 5 |  5.2
Long Blades    | 5 |  5.5
Armour         | 3 |  3.1
Dodging        | |  2.8

Action                   || total
-------------------------++-------
Melee: Falchion          ||    19
       Headbutt          ||     3
Armor: Animal skin       ||     2
Dodge: Dodged            ||    10
       Rpst.: Falchion   ||     4

Table legend:
 A = Spawn XP
 B = Non-spawn XP
 C = Spawn XP percentage of total XP
 D = Spawn monster count
 E = Non-spawn monster count
 F = Spawn count percentage of total count
 G = Total turns spent on level
                    A         B        C        D         E        F      G
               +---------+---------+-------+---------+---------+-------+---------
         Total |       0 |      27 |   0.0 |       0 |       8 |   0.0 |    55
               +---------+---------+-------+---------+---------+-------+---------
             D |       0 |      27 |   0.0 |       0 |       8 |   0.0 |    55
               +---------+---------+-------+---------+---------+-------+---------
